 Dungeon Crawl Stone Soup version 0.24-a0-280-g7cec4da (webtiles) character file.

Game seed: 15286391042099331778

12 reaverb the Stinger (level 2, -1/17 HPs)
             Began as an Octopode Venom Mage on May 10, 2019.
             Slain by a jackal (3 damage)
             ... on level 1 of the Dungeon.
             The game lasted 00:00:31 (363 turns).

reaverb the Stinger (Octopode Venom Mage)            Turns: 363, Time: 00:00:32

Health: -1/17      AC:  1    Str:  7    XL:     2   Next: 33%
Magic:  1/5        EV: 13    Int: 17    God:
Gold:   32         SH:  0    Dex: 12    Spells: 4/5 levels left

rFire    . . .     SeeInvis .   c - +0 hand axe
rCold    . . .     Gourm    .   (no shield)
rNeg     . . .     Faith    .   (helmet restricted)
rPois    .         Spirit   .   (no amulet)
rElec    .         Reflect  .   (no ring)
rCorr    .         Harm     .   (no ring)
MR       .....                  (no ring)
Stlth    +++.......             (no ring)
HPRegen  0.05/turn              (no ring)
MPRegen  0.09/turn              (no ring)
                                (no ring)
                                (no ring)

@: no status effects
A: almost no armour, stealthy swim, amphibious, 8 rings, constrict 8, camouflage
1, gelatinous body 1
a: no special abilities


You were on level 1 of the Dungeon.
You were not hungry.

You visited 1 branch of the dungeon, and saw 1 of its levels.

You collected 32 gold pieces.

Notes
Turn   | Place    | Note
-------+----------+-------------------------------------------
     0 | D:1      | reaverb the Octopode Venom Mage began the quest for the
                  | Orb.
     0 | D:1      | Reached XP level 1. HP: 11/11 MP: 3/3
   256 | D:1      | Reached XP level 2. HP: 17/17 MP: 3/5
   356 | D:1      | Huge Dmg: 3 Dmg
   358 | D:1      | Huge Dmg: 5 Dmg
   360 | D:1      | Huge Dmg: 3 Dmg
   361 | D:1      | Huge Dmg: 1 Dmg
   363 | D:1      | Slain by a jackal

Inventory:

Hand Weapons
 c - a +0 hand axe (weapon)
Jewellery
 a - an uncursed ring of wizardry {unknown}
Potions
 d - a potion of flight {unknown}
Comestibles
 b - a ration

Table legend:
 A = Turns spent in this place as a percentage of turns spent in the entire game.
 B = Non-inter-level travel turns spent in this place as a percentage of non-inter-level travel turns spent in the entire game.
 C = Inter-level travel turns spent in this place as a percentage of turns spent in this place.
 D = Turns resting spent in this place as a percentage of non-inter-level travel turns spent in this place.
 E = Turns spent auto-exploring this place as a percentage of non-inter-level travel turns spent in this place.
 F = Non-inter-level travel turns spent in this place divided by the number of levels of this place that you've seen.
                   A       B       C       D       E      F
               +-------+-------+-------+-------+-------+----------------------
         Total | 100.0 | 100.0 |   0.0 |  37.7 |  46.0 | 363.0
       Dungeon | 100.0 | 100.0 |   0.0 |  37.7 |  46.0 | 363.0
               +-------+-------+-------+-------+-------+----------------------


   Skills:
 - Level 2.0 Dodging
 - Level 2.6 Stealth
 - Level 2.0 Spellcasting
 + Level 2.3 Conjurations
 - Level 3.6 Poison Magic


You had 4 spell levels left.
You knew the following spells:

 Your Spells              Type           Power        Failure   Level  Hunger
a - Sting                 Conj/Pois      ##..         6%          1    #......

Your spell library contained the following spells:

 Spells                   Type           Power        Failure   Level  Hunger
 Poisonous Vapours        Pois/Air       #.....       14%         2    ###....
 Mephitic Cloud           Conj/Pois/Air  #.......     26%         3    ###....
 Olgreb's Toxic Radiance  Pois           ##......     41%         4    #####..
 Venom Bolt               Conj/Pois      ##........   85%         5    ######.


Dungeon Overview and Level Annotations

Branches:
Dungeon (1/15)

Altars:


Innate Abilities, Weirdness & Mutations

You cannot wear most types of armour.
You are very stealthy in the water. (Stealth+)
You are amphibious.
You can wear up to eight rings at the same time.
You can use your tentacles to constrict eight enemies at once.
Your skin changes colour to match your surroundings (Stealth+).
Your rubbery body absorbs attacks. (AC +1, EV +1)

Action                   || total
-------------------------++-------
Melee: Unarmed           ||     7
       Constrict         ||     4
       Tentacles         ||     2
       Hand axe          ||    10
 Cast: Sting             ||    14
Dodge: Dodged            ||    11


Message History

There are monsters nearby!
Casting: Sting (safe; 6% risk of failure)
Confirm with . or Enter, or press ? or * to list all spells.
Aiming: Sting (safe; 6% risk of failure)
Press: ? - help, Shift-Dir - straight line, f - jackal
Aim: a jackal (hasn't noticed you)
The sting hits the jackal.
The jackal is poisoned.
The jackal is almost dead.
The jackal barks!
You hear a bark! x2
You kill the jackal!
Casting: Sting (safe; 6% risk of failure)
Confirm with . or Enter, or press ? or * to list all spells.
Aiming: Sting (safe; 6% risk of failure)
Press: ? - help, Shift-Dir - straight line, f - hobgoblin
Aim: a hobgoblin, wielding a +0 club The sting hits the hobgoblin.
The hobgoblin is severely wounded.
Casting: Sting (safe; 6% risk of failure)
Confirm with . or Enter, or press ? or * to list all spells.
Aiming: Sting (safe; 6% risk of failure)
Press: ? - help, Shift-Dir - straight line, f/p - hobgoblin
Aim: a hobgoblin, wielding a +0 club (severely wounded)
The sting hits the hobgoblin.
The hobgoblin is poisoned.
You kill the hobgoblin!
You start resting.
A jackal comes into view.
A jackal comes into view.
Casting: Sting (safe; 6% risk of failure)
Confirm with . or Enter, or press ? or * to list all spells.
Aiming: Sting (safe; 6% risk of failure)
Press: ? - help, Shift-Dir - straight line, f - jackal
Aim: a jackal The sting hits the jackal.
The jackal is moderately wounded.
The jackal barks!
You hear a bark!
You hit the jackal but do no damage. Your grab misses the jackal.
The jackal is moderately wounded.
The jackal misses you.
You barely miss the jackal. Your grab misses the jackal.
Your squeeze misses the jackal.
The jackal is moderately wounded.
The jackal misses you.
You hit the jackal. You grab the jackal. You squeeze the jackal.
You kill the jackal!
The jackal bites you.
A jackal comes into view.
Damage: -17%(-3hp) hp: 83%(14hp)
You barely miss the jackal.
The jackal barks!
Your grab misses the jackal.
The jackal is moderately wounded.
The jackal bites you. The jackal misses you.
Huge Dmg: -18%(-3hp) hp: 65%(11hp)
You hit the jackal but do no damage. You grab the jackal.
The jackal is moderately wounded.
You constrict the jackal, but do no damage.
The jackal completely misses you. The jackal misses you.
You hit the jackal but do no damage.
The jackal is moderately wounded.
You constrict the jackal, but do no damage.
The jackal bites you.
* * * LOW HITPOINT WARNING * * *
The jackal bites you.
* * * LOW HITPOINT WARNING * * *
Huge Dmg: -29%(-5hp) hp: 36%(6hp)
You hit the jackal.
The jackal is heavily wounded.
You constrict the jackal. The jackal barely misses you.
You hit the jackal but do no damage.
The jackal is severely wounded.
You constrict the jackal. The jackal closely misses you. The jackal bites you.
* * * LOW HITPOINT WARNING * * *
Huge Dmg: -18%(-3hp) hp: 18%(3hp)
You hit the jackal but do no damage.
The jackal is almost dead.
You constrict the jackal, but do no damage.
The jackal bites you.
* * * LOW HITPOINT WARNING * * *
The jackal barely misses you.
Huge Dmg: -6%(-1hp) hp: 12%(2hp)
You barely miss the jackal.
The jackal is almost dead.
You constrict the jackal.
You kill the jackal!
The jackal barely misses you.
Casting: Sting (safe; 6% risk of failure)
Confirm with . or Enter, or press ? or * to list all spells.
Aiming: Sting (safe; 6% risk of failure)
Press: ? - help, Shift-Dir - straight line, f - jackal
Aim: a jackal The sting misses the jackal.
The jackal misses you.
Casting: Sting (safe; 6% risk of failure)
Confirm with . or Enter, or press ? or * to list all spells.
Aiming: Sting (safe; 6% risk of failure)
Press: ? - help, Shift-Dir - straight line, f/p - jackal
Aim: a jackal The sting hits the jackal.
The jackal is heavily wounded.
The jackal bites you.
You die...

#### ....
########## ###
#####........#####
..(..........'...#
............###.#
##
###............#
#.
#.......##.######.
#@########........
#h# #.............
#.....#####.......
#.....##.......##.
.)....##.#####.##.
##...... #.##.
...#### #.##.
...####### #.##.
.........###.###


You could see a jackal.

Table legend:
 A = Kills in this place as a percentage of kills in entire the game.
 B = Kills by you in this place as a percentage of kills by you in the entire game.
 C = Kills by friends in this place as a percentage of kills by friends in the entire game.
 D = Other kills in this place as a percentage of other kills in the entire game.
 E = Experience gained in this place as a percentage of experience gained in the entire game.
 F = Experience gained in this place divided by the number of levels of this place that you have seen.
                   A       B       C       D       E      F
               +-------+-------+-------+-------+-------+----------------------
         Total | 100.0 | 100.0 |   N/A |   N/A | 100.0 |  18.0
       Dungeon | 100.0 | 100.0 |   N/A |   N/A | 100.0 |  18.0
               +-------+-------+-------+-------+-------+----------------------

Vanquished Creatures
  A dart slug (D:1)
  A ball python (D:1)
  A giant cockroach (D:1)
  A hobgoblin (D:1)
  3 jackals (D:1)
  A frilled lizard (D:1)
  A kobold (D:1)
9 creatures vanquished.
